 Dungeon Crawl Stone Soup version 0.31-a0-175-g9f7f995f2b (webtiles) character file.

Game seed: 16459588064028617331

44 CowFu the Caller (level 3, -2/25 HPs)
             Began as a Gnoll Summoner on June 17, 2023.
             Killed by divine providence
             ... invoked by an orc priest
              (15 damage)
             ... on level 3 of the Dungeon.
             The game lasted 00:02:18 (1427 turns).

CowFu the Caller (Gnoll Summoner)                   Turns: 1427, Time: 00:02:19

Health: -2/25      AC:  6    Str:  9    XL:     3   Next: 60%
Magic:  3/9        EV: 13    Int: 14    God:
Gold:   77         SH:  0    Dex: 12    Spells: 6/12 levels left

rFire   . . .        h - +0 dagger
rCold   . . .        (no shield)
rNeg    . . .        a - +0 robe
rPois   .            (no helmet)
rElec   .            (no cloak)
rCorr   .            (no gloves)
SInv    .            (no boots)
Will    .....        (no amulet)
Stlth   ++           c - +4 ring of protection
HPRegen 0.24/turn    (no ring)
MPRegen 0.11/turn

%: no passive effects
@: no status effects
A: fangs 1, strong nose, distributed training
a: no special abilities


You were on level 3 of the Dungeon.
You visited 1 branch of the dungeon, and saw 3 of its levels.

You collected 77 gold pieces.

Inventory:

Hand Weapons
 h - a +0 dagger (weapon)
Armour
 a - a +0 robe (worn)
Jewellery
 c - a +4 ring of protection (left hand)
 f - an amulet of magic regeneration
Scrolls
 d - a scroll of amnesia {unknown}
 e - 3 scrolls of identify {unknown}
Potions
 b - a potion of magic
 g - a potion of heal wounds {unknown}
 i - 2 potions of attraction {unknown}
 j - a potion of curing {unknown}


   Skills:
 + Level 0.9 Fighting
 + Level 0.9 Short Blades
 + Level 0.9 Long Blades
 + Level 0.9 Axes
 + Level 0.9 Maces & Flails
 + Level 0.9 Polearms
 + Level 0.9 Staves
 + Level 0.9 Ranged Weapons
 + Level 0.9 Throwing
 + Level 0.9 Armour
 + Level 4.5 Dodging
 + Level 4.2 Stealth
 + Level 0.9 Shields
 + Level 0.9 Unarmed Combat
 + Level 5.0 Spellcasting
 + Level 0.6 Conjurations
 + Level 0.6 Hexes
 + Level 7.1 Summonings
 + Level 0.6 Necromancy
 + Level 0.6 Translocations
 + Level 0.6 Transmutations
 + Level 0.6 Fire Magic
 + Level 0.6 Ice Magic
 + Level 0.6 Air Magic
 + Level 0.6 Earth Magic
 + Level 0.6 Poison Magic
 + Level 1.0 Invocations
 + Level 0.9 Evocations


You had 6 spell levels left.
You knew the following spells:

 Your Spells              Type           Power      Damage    Failure   Level
a - Summon Small Mammal   Summ           92%        N/A       1%          1
b - Call Imp              Summ           46%        N/A       1%          2
c - Call Canine Familiar  Summ           23%        N/A       2%          3

Your spell library contained the following spells:

 Spells                   Type           Power      Damage    Failure   Level
 Summon Guardian Golem    Hex/Summ       14%        N/A       11%         3
 Kiss of Death            Conj/Necr      20%        2d7       14%         1
 Summon Lightning Spire   Summ/Air       14%        N/A       34%         4
 Confusing Touch          Hex            5%         N/A       38%         3
 Dispel Undead            Necr           5%         3d7       80%         4


Dungeon Overview and Level Annotations

Branches:
Dungeon (2/15)

Altars:
Gozag

Annotations:
D:3 3 runed translucent doors


Innate Abilities, Weirdness & Mutations

You have very sharp teeth.
Your uncanny sense of smell can sniff out nearby items.
Your experience applies equally to all skills.


Message History

You fall into a shaft and drop 1 floor!
The shaft crumbles and collapses.
An orc priest comes into view.
It is wielding a +0 trident of protection.
Found a stone staircase leading up.
An orc priest is nearby!
An orc priest is nearby!
Found a scroll labelled GAXEUF CAUTAFYLU.
An orc and an adder come into view.
Casting: Summon Small Mammal (safe; 1% risk of failure)
Confirm with . or Enter, or press ? or * to list all spells.
The adder hisses angrily.
Casting: Summon Small Mammal (safe; 1% risk of failure)
Confirm with . or Enter, or press ? or * to list all spells.
A tiny devil pulls itself out of the air.
The orc shouts!
The orc priest invokes the aid of Beogh against you.
Beogh smites you!
An orc comes into view. It is wielding a +0 dagger.
Casting: Call Imp (safe; 1% risk of failure)
Confirm with . or Enter, or press ? or * to list all spells.
Your cerulean imp hits the orc priest with a -2 spear.
Found a stone staircase leading down.
Your cerulean imp hits the orc priest with a -2 spear.
The orc priest casts a cantrip, but nothing happens.
Your quokka barely misses the orc.
The adder misses you.
The orc priest barely misses your hound.
An orc comes into view. It is wielding a +0 club.
The orc hits your quokka with a +0 hand axe.
Your quokka dies!
Your quokka's corpse disappears in a puff of smoke!
The orc hits your hound with a +0 hand axe.
Your cerulean imp hits the orc priest but does no damage.
Your hound bites the orc priest.
There is a stone staircase leading up here.
The adder bites you.
Your hound bites the orc priest.
The orc hits your hound but does no damage.
The orc priest mumbles some strange prayers to Beogh against you.
Beogh smites you!
Ouch! That really hurt!
You die...

...+..#.##.. .....#
..#..#.... #....##.. .
..#...$.o ###........
#####...oo####.....##...
.......5ho.....#......#
.......?ยง.######.###..#
..........# #.. .#
..........# ...#
.......@S.# #.##
>.?.......# #.#
#########.... ..#
......##.# .......
...... ..... ....


You could see an orc priest (ally target), an adder, 3 orcs, a friendly hound
(summoned) and a friendly cerulean imp (summoned).

Vanquished Creatures
  A worm (D:2)
  3 jackals
  A frilled lizard (D:2)
  A goblin (D:2)
  2 rats (D:1)
8 creatures vanquished.

Vanquished Creatures (collateral kills)
  An adder (D:2)
  A dart slug (D:1)
  2 giant cockroaches
  2 goblins (D:1)
  4 hobgoblins (D:2)
  3 jackals
  3 quokkas (D:2)
  A ball python (D:2)
  A frilled lizard (D:2)
  A kobold (D:2)
19 creatures vanquished.

Grand Total: 27 creatures vanquished

Notes
Turn   | Place    | Note
-------+----------+-------------------------------------------
     0 | D:1      | CowFu the Gnoll Summoner began the quest for the Orb.
     0 | D:1      | Reached XP level 1. HP: 13/13 MP: 6/6
   357 | D:1      | Reached XP level 2. HP: 19/19 MP: 5/7
   806 | D:1      | Learned a level 2 spell: Call Imp
   876 | D:2      | Reached skill level 5 in Spellcasting
   876 | D:2      | Reached XP level 3. HP: 22/25 MP: 4/9
   958 | D:2      | Reached skill level 1 in Invocations
  1330 | D:2      | Found an opulent altar of Gozag.
  1340 | D:2      | Learned a level 3 spell: Call Canine Familiar
  1412 | D:2      | You fall into a shaft and drop 1 floor!
  1418 | D:3      | Found a runed translucent gate.
  1418 | D:3      | Found a runed translucent gate.
  1420 | D:3      | Found a runed translucent gate.
  1427 | D:3      | Killed from afar by an orc priest

Illustrated notes

Levels and vault maps discovered:
D:1:      minmay_arrival_loop, layout_loops_ring, minmay_misc_feat_alley
D:2:      layout_basic, basic_altar, minmay_split_cup_small
D:3:      layout_rooms, general_overflow_altar,
          shapermc_ecumenical_altar_notcrosses, gammafunk_ghost_split,
          nicolae_the_louvre

Skill      XL: |  1  2  3 |
---------------+----------+-----
Spellcasting   | 5 |  5.0
Invocations    | 1 |  1.0
Fighting       | |  0.9
Short Blades   | |  0.9
Long Blades    | |  0.9
Axes           | |  0.9
Maces & Flails | |  0.9
Polearms       | |  0.9
Staves         | |  0.9
Ranged Weapons | |  0.9
Throwing       | |  0.9
Armour         | |  0.9
Dodging        | |  4.5
Stealth        | |  4.2
Shields        | |  0.9
Unarmed Combat | |  0.9
Conjurations   | |  0.6
Hexes          | |  0.6
Summonings     | |  7.1
Necromancy     | |  0.6
Translocations | |  0.6
Transmutations | |  0.6
Fire Magic     | |  0.6
Ice Magic      | |  0.6
Air Magic      | |  0.6
Earth Magic    | |  0.6
Poison Magic   | |  0.6
Evocations     | |  0.9

Action                     || total
---------------------------++-------
  Melee: Unarmed           ||    13
         Punch             ||     1
         Dagger            ||    57
         Bite              ||     4
   Cast: Summon Small Mamm ||    35
         Call Imp          ||     8
         Call Canine Famil ||     1
 Armour: Robe              ||    39
  Dodge: Dodged            ||   113

Table legend: (Time is in decaauts)
 A = Elapsed time spent in this place.
 B = Non-inter-level travel time spent in this place.
 C = Inter-level travel time spent in this place.
 D = Time resting spent in this place.
 E = Time spent auto-exploring this place.
 F = Levels seen in this place.
 G = Mean time per level.
                   A        B        C        D        E       F      G
               +--------+--------+--------+--------+--------+-----+--------+
         Total |   1425 |   1415 |     10 |      0 |   1168 |   3 |  475.0 |
       Dungeon |   1425 |   1415 |     10 |      0 |   1168 |   3 |  475.0 |
               +--------+--------+--------+--------+--------+-----+--------+

Top non-repeatable levels by time:
     D:1: 773 daAuts
     D:2: 637 daAuts
     D:3: 14 daAuts
